 Dungeon Crawl Stone Soup version 0.24-a0-462-ge24419a6ad (webtiles) character file.

Game seed: 14939825076133182162

5 Gargoyl the Skirmisher (level 1, -31/19 HPs)
             Began as a Centaur Abyssal Knight on July 1, 2019.
             Was a Follower of Lugonu.
             Killed from afar by a wretched star (40 damage)
             ... with an orb of energy
             ... on level 1 of the Abyss.
             The game lasted 00:00:27 (203 turns).

Gargoyl the Skirmisher (Centaur Abyssal Knight)      Turns: 203, Time: 00:00:27

Health: -31/19     AC:  4    Str: 14    XL:     1   Next: 66%
Magic:  2/2        EV:  9    Int: 11    God:    Lugonu [*.....]
Gold:   0          SH:  0    Dex:  8    Spells: 0/0 levels left

rFire    . . .     SeeInvis .   a - +1 hand axe
rCold    . . .     Gourm    .   (no shield)
rNeg     . . .     Faith    .   b - +0 leather armour
rPois    .         Spirit   .   (no helmet)
rElec    .         Reflect  .   (no cloak)
rCorr    .         Harm     .   (no gloves)
MR       .....                  (no barding)
Stlth    ..........             (no amulet)
HPRegen  0.00/turn              (no ring)
MPRegen  0.08/turn              (no ring)

@: non-regenerating, diseased, silenced, very quick
A: large, hooves 3, deformed body, speed 2, [low mp 2], tough skin 3
a: Renounce Religion


You were on level 1 of the Abyss.
You worshipped Lugonu.
Lugonu was aware of your devotion.
You were not hungry.

You visited 0 branches of the dungeon, and saw 0 of its levels.
You visited the Abyss 1 time.

Inventory:

Hand Weapons
 a - a +1 hand axe (weapon)
Armour
 b - a +0 leather armour (worn)
Scrolls
 f - a scroll of immolation {unknown}
Potions
 d - a potion of cancellation
 e - a potion of invisibility {unknown}
Comestibles
 c - 2 rations


   Skills:
 + Level 3.2 Fighting
 + Level 1.8 Axes
 + Level 1.4 Armour
 + Level 0.6 Dodging
 + Level 2.0 Invocations


You couldn't memorise any spells.
You didn't know any spells.
Your spell library was empty.

Dungeon Overview and Level Annotations

Branches:
Dungeon (0/15)

Altars:


Innate Abilities, Weirdness & Mutations

You have hooves in place of feet.
Armour fits poorly on your strangely shaped body.
You cover ground very quickly.
You have extremely tough skin. (AC +3)
[Your magical capacity is very low. (-20% MP)]


Message History

An ufetubus comes into view.
The ufetubus shouts!
You miss the ufetubus. Your kick misses the ufetubus.
The ufetubus hits you but does no damage.
The ufetubus misses you. The ufetubus hits you. x2
You hit the ufetubus but do no damage. You kick the ufetubus.
The ufetubus is almost dead.
The ufetubus misses you. The ufetubus completely misses you.
The ufetubus closely misses you. The ufetubus hits you.
You hit the ufetubus.
You kill the ufetubus!
You feel ill.
A wretched star comes into view.
The wretched star pulses with an eldritch light!
You feel less energetic. x2
Found a gateway leading out of the Abyss.
The wretched star glows turbulently.
The orb of energy hits you!!!
Ouch! That really hurt!
You die...

.# #. . # ∩# ###
#. ###.§§#.
#...§..# #.###*##
# #@....###.# #
#...###..#..# .
#.#....#..# #
#...#..#..# # ##
##.#.#.#..####.#
.#.#...##....# ≈.
##.##..##..#.##.≈≈
.#..###.# ...#.#.
.. #.## ##...#.


You could see a wretched star.

Vanquished Creatures
  An ufetubus (Abyss:1)
1 creature vanquished.

Notes
Turn   | Place    | Note
-------+----------+-------------------------------------------
     0 | Abyss:1  | Gargoyl the Centaur Abyssal Knight began the quest for the
                  | Orb.
     0 | Abyss:1  | Reached XP level 1. HP: 19/19 MP: 2/2
    41 | Abyss:1  | Found a corrupted altar of Lugonu.
    55 | Abyss:1  | Found a viscous altar of Jiyva.
   140 | Abyss:1  | Noticed a kobold demonologist
   145 | Abyss:1  | Noticed an ancient zyme
   194 | Abyss:1  | Noticed a wretched star
   199 | Abyss:1  | Noticed a wretched star
   203 | Abyss:1  | Killed from afar by a wretched star

Levels and vault maps discovered:
Abyss:1

Action                   || total
-------------------------++-------
Melee: Hand axe          ||     3
       Kick              ||     1
  Use: Potion            ||     1
Armor: Leather armour    ||     1
Dodge: Dodged            ||     4

Table legend:
 A = Non-vault XP
 B = Vault XP
 C = Vault XP percentage of total XP
 D = Non-vault monster count
 E = Vault monster count
 F = Vault count percentage of total count
                 A         B        C        D         E       F
            +---------+---------+-------+---------+---------+-------
      Total |       8 |       0 |   0.0 |       1 |       0 |   0.0
            +---------+---------+-------+---------+---------+-------
    Abyss:1 |       8 |       0 |   0.0 |       1 |       0 |   0.0
            +---------+---------+-------+---------+---------+-------
